 Dungeon Crawl Stone Soup version 0.31-a0-1616-gbeaec30b81 (webtiles) character file.

Game seed: 10112222763892411695

16 Monkooky the Slasher (level 2, -1/23 HPs)
             Began as a Barachi Warper on Jan 10, 2024.
             Succumbed to a goblin's poison
             ... on level 1 of the Dungeon.
             The game lasted 00:01:24 (568 turns).

Monkooky the Slasher (Barachi Warper)                Turns: 568, Time: 00:01:25

Health: -1/23      AC:  3    Str: 11 (12) XL:     2   Next: 54%
Magic:  5/5        EV: 11    Int: 11 (13) God:
Gold:   68         SH:  0    Dex:  8 (11) Spells: 5/5 levels left

rFire   . . .        a - +0 falchion
rCold   . . .        (no shield)
rNeg    . . .        b - +0 leather armour
rPois   .            (no helmet)
rElec   .            (no cloak)
rCorr   .            (no gloves)
SInv    .            (no boots)
Will    .....        f - amulet of magic regeneration
Stlth   +            (no ring)
HPRegen 0.23/turn    (no ring)
MPRegen 0.49/turn

%: no passive effects
@: lethally poisoned (-1 -> -25), unable to hop, slow
A: amphibious, slowness 1, strong legs 1, +LOS
a: Hop


You were on level 1 of the Dungeon.
You visited 1 branch of the dungeon, and saw 1 of its levels.

You collected 68 gold pieces.

Inventory:

Hand Weapons
 a - a +0 falchion (weapon)
Missiles
 d - 3 darts of dispersal (quivered)
Armour
 b - a +0 leather armour (worn)
Jewellery
 f - an amulet of magic regeneration (around neck)
Scrolls
 c - a scroll of blinking
Potions
 e - a potion of heal wounds
 g - a potion of degeneration


   Skills:
 - Level 2.4 Fighting
 + Level 3.7 Long Blades
 - Level 1.0 Throwing
 - Level 1.2 Armour
 - Level 2.1 Dodging
 - Level 2.1 Spellcasting
 - Level 3.2 Translocations


You had 5 spell levels left.
You didn't know any spells.
Your spell library contained the following spells:

 Spells                   Type           Power      Damage    Failure   Level
 Blink                    Tloc           16%        N/A       14%         2
 Lesser Beckoning         Tloc           16%        N/A       14%         2
 Teleport Other           Tloc           8%         N/A       28%         3
 Ensorcelled Hibernation  Hex/Ice        2%         N/A       50%         2
 Manifold Assault         Tloc           8%         N/A       67%         4
 Passage of Golubria      Tloc           8%         N/A       67%         4
 Passwall                 Erth           1%         N/A       75%         3
 Swiftness                Air            1%         N/A       75%         3
 Tukima's Dance           Hex            1%         N/A       75%         3
 Vhi's Electric Charge    Tloc/Air       8%         N/A       88%         4
 Yara's Violent Unravell  Hex/Alch       0%         3d3       100%        5


Dungeon Overview and Level Annotations

Branches:
Dungeon (1/15)

Altars:


Innate Abilities, Weirdness & Mutations

You are amphibious.
You cover ground slowly.
You can hop short distances.
You have an extended range of vision and can be seen from far away.


Message History

You throw a dart of dispersal.
The dart of dispersal closely misses the goblin.
The dart of dispersal barely misses the goblin.
You feel very sick.
Throw: 6 darts (disperse)
Press: ? - help, Q - select action, (/) - cycle Shift-Dir - straight line, f/p - goblin
Aim: a goblin, wielding a +0 dagger of venom (severely wounded, 43% to hit)
You throw a dart of dispersal.
The dart of dispersal barely misses the goblin.
The dart of dispersal closely misses the goblin.
You feel very sick.
Throw: 5 darts (disperse)
Press: ? - help, Q - select action, (/) - cycle Shift-Dir - straight line, f/p - goblin
Aim: a goblin, wielding a +0 dagger of venom (severely wounded, 43% to hit)
Okay, then.
You feel sick.
You closely miss the goblin.
You feel sick.
You aren't carrying any items that you can evoke.
Throw: 5 darts (disperse)
Press: ? - help, Q - select action, (/) - cycle Shift-Dir - straight line, f - goblin, p - goblin
Aim: a goblin, wielding a +0 dagger of venom (43% to hit)
You throw a dart of dispersal.
The dart of dispersal barely misses the goblin.
You feel sick. The goblin closely misses you.
Throw: 4 darts (disperse)
Press: ? - help, Q - select action, (/) - cycle Shift-Dir - straight line, f/p - goblin
Aim: a goblin, wielding a +0 dagger of venom (43% to hit)
You throw a dart of dispersal.
The dart of dispersal closely misses the goblin.
You feel sick.
The goblin hits you with a +0 dagger of venom.
* * * LOW HITPOINT WARNING * * *
You are lethally poisoned!
The goblin hits you with a +0 dagger of venom.
* * * LOW HITPOINT WARNING * * *
You are more poisoned.
It was a potion of degeneration.
There was something very wrong with that liquid.
You feel weakened.
You feel dopey.
You feel clumsy.
You die...

#####.#. .# ......
#.....#.###.# # ......
......#.....#.####.#+#
#................#.#.#
#................). #
##..##.####.......##
.#+#.#)........#.......+
........g#.##.##.......#
.....$..@g....##.......#
.......####.####.......#
...... +...............#
..... #####.####).....#
#### #.####......#
#....#......#
####........##
##......... #........#


You could see 2 goblins.

Vanquished Creatures
  A dart slug (D:1)
  An endoplasm (D:1)
  A giant cockroach (D:1)
  2 hobgoblins (D:1)
  4 jackals (D:1)
  2 kobolds (D:1)
  A rat (D:1)
12 creatures vanquished.

Notes
Turn   | Place    | Note
-------+----------+-------------------------------------------
     0 | D:1      | Monkooky the Barachi Warper began the quest for the Orb.
     0 | D:1      | Reached XP level 1. HP: 17/17 MP: 3/3
   276 | D:1      | Reached XP level 2. HP: 12/23 MP: 5/5
   568 | D:1      | Succumbed to a goblin's poison

Illustrated notes

Levels and vault maps discovered:
D:1:      dpeg_arrival_shelter, layout_basic

Skill      XL: |  1 |
---------------+----+-----
Long Blades    | 3 |  3.7
Fighting       | |  2.4
Throwing       | |  1.0
Armour         | |  1.2
Dodging        | |  2.1
Spellcasting   | |  2.1
Translocations | |  3.2

Action                     || total
---------------------------++-------
  Melee: Falchion          ||    37
  Throw: Dart              ||     4
Ability: Hop               ||     2
    Use: Potion            ||     2
 Armour: Leather armour    ||    30
  Dodge: Dodged            ||    26

Table legend: (Time is in decaauts)
 A = Elapsed time spent in this place.
 B = Non-inter-level travel time spent in this place.
 C = Inter-level travel time spent in this place.
 D = Time resting spent in this place.
 E = Time spent auto-exploring this place.
 F = Levels seen in this place.
 G = Mean time per level.
                   A        B        C        D        E       F      G
               +--------+--------+--------+--------+--------+-----+--------+
         Total |    647 |    647 |      0 |      5 |    522 |   1 |  647.0 |
       Dungeon |    647 |    647 |      0 |      5 |    522 |   1 |  647.0 |
               +--------+--------+--------+--------+--------+-----+--------+

Top non-repeatable levels by time:
     D:1: 647 daAuts
